Map: [ESL] Waterfall

Players

Bunny - Winner!

  • Race: Terran Terran
  • League: Silver
  • Spawn Location: 1:00

DPGCure (Cure)

  • Race: Terran Terran
  • League: Master
  • Spawn Location: 7:00

VOD

Have the link to the VOD?

Description

Time

  • Played on: Nov. 3, 2022, 8:18 a.m.
  • Length: 6:21
Show
View Real Time Build Order
Export as new Build Order

Bunny Terran - Winner!

Build Orders:  

Get SALT Encoding   

  12  0:00  SCV  
  13  0:12  SCV  
  14  0:17  Supply Depot  
  14  0:24  SCV  
  15  0:38  SCV  
  15  0:40  Barracks  
  16  0:43  Refinery  
  16  0:50  SCV  
  16  0:53  Refinery  
  17  1:02  SCV  
  18  1:15  SCV  
  19  1:26  Reaper  
  19  1:27  Orbital Command  
  19  1:28  Supply Depot  
  20  1:40  Factory  
  20  1:52  SCV  
  21  1:58  Reaper  
  22  2:04  SCV  
  23  2:16  SCV  
  23  2:17  Command Center  
  24  2:23  Hellion  
  24  2:28  SCV  
  27  2:31  Barracks Reactor  
  27  2:35  Supply Depot  
  27  2:40  SCV  
  28  2:45  Factory Tech Lab  
  28  2:49  Starport  
  28  2:53  SCV  
  29  3:04  Cyclone  
  29  3:05  SCV  
  33  3:07  Marine  
  33  3:10  Marine  
  35  3:17  SCV  
  36  3:25  Medivac  
  36  3:26  Marine  
  39  3:29  Marine  
  39  3:30  Orbital Command  
  39  3:33  SCV  
  41  3:39  Siege Tank  
  44  3:43  Marine  
  44  3:46  SCV  
  44  3:47  Marine  
  47  3:50  Refinery  
  48  3:55  SCV  
  48  3:56  Starport Tech Lab  
  48  3:58  SCV  
  48  4:01  Marine  
  50  4:04  Marine  
  50  4:07  Supply Depot, SCV  
  52  4:12  Supply Depot  
  52  4:18  Raven  
  54  4:28  Marine x2  
  54  4:29  SCV x2  
  54  4:30  Supply Depot  
  58  4:33  Siege Tank  
  59  4:46  Marine x2  
  53  4:58  SCV x2  
  54  5:01  Raven  
  54  5:04  Marine x2  
  58  5:10  SCV x2  
  58  5:11  Command Center  
  58  5:13  Refinery  
  60  5:16  Siege Tank  
  63  5:22  SCV x2, Marine x2  
  67  5:34  SCV x2  
  69  5:36  Supply Depot  
  69  5:38  Supply Depot  
  69  5:40  Marine x2  
  71  5:46  SCV x2  
  71  5:48  Siege Tank  
  69  5:57  Marine x2  
Show
View Real Time Build Order
Export as new Build Order

DPGCure Terran 

Build Orders:  

Get SALT Encoding   

  12  0:00  SCV  
  13  0:12  SCV  
  14  0:17  Supply Depot  
  14  0:24  SCV  
  15  0:39  SCV  
  15  0:40  Barracks  
  16  0:43  Refinery  
  16  0:51  SCV  
  16  0:52  Refinery  
  17  1:03  SCV  
  18  1:15  SCV  
  19  1:27  Reaper, Orbital Command  
  19  1:30  Supply Depot  
  20  1:41  Factory  
  20  1:53  SCV  
  21  1:59  Barracks Reactor  
  21  2:05  SCV  
  22  2:17  SCV  
  22  2:20  Command Center  
  23  2:25  Hellion  
  23  2:29  SCV  
  26  2:35  Reaper  
  26  2:36  Reaper  
  28  2:38  Supply Depot  
  28  2:41  SCV  
  29  2:47  Hellion  
  31  2:57  Starport  
  31  3:00  SCV  
  32  3:07  Marine x2  
  36  3:13  Factory Tech Lab  
  36  3:14  SCV  
  36  3:17  Refinery  
  35  3:26  SCV  
  38  3:31  Orbital Command  
  38  3:33  Cyclone  
  39  3:34  Starport Tech Lab  
  39  3:38  SCV  
  39  3:41  Marine x2  
  42  3:50  SCV  
  42  3:52  Raven  
  42  3:53  Supply Depot  
  45  3:57  SCV  
  45  4:02  SCV  
  48  4:06  Siege Tank  
  48  4:09  Marine x2  
  52  4:12  SCV  
  52  4:14  SCV  
  54  4:18  Supply Depot  
  54  4:26  SCV x2  
  54  4:27  Marine x2  
  57  4:43  Siege Tank, Raven  
  57  4:45  SCV x2  
  62  4:50  Marine x2  
  49  4:57  SCV x2  
  43  5:08  Marine x2  
  43  5:09  SCV x2  
  45  5:18  Siege Tank  
  45  5:21  SCV  
  45  5:23  SCV  
  45  5:26  Raven, Marine x2  
  50  5:33  SCV  
  51  5:35  SCV  
  51  5:39  Supply Depot  
  51  5:42  Supply Depot  
  52  5:44  Marine x2  
  52  5:46  SCV  
  52  5:48  SCV  
  44  5:58  SCV  
  44  6:00  SCV  
Tags
 
Add a new tag
Caveats
  • Supply blocks, unpowered buildings, or Contaminate may cause inaccurate times.
  • Supply counts are checked every 10 seconds.